 Dungeon Crawl Stone Soup version 0.17-a0-1210-g1e4f09d (webtiles) character file.

399 HEYYEYAAE the Gusty (level 7, -20/51 HPs)
             Began as a Human Air Elementalist on June 3, 2015.
             Demolished by an ogre
             ... wielding a +0 giant club
              (28 damage)
             ... on level 4 of the Dungeon.
             The game lasted 00:09:09 (2542 turns).

HEYYEYAAE the Gusty (Human Air Elementalist)        Turns: 2542, Time: 00:09:09

Health: -20/51     AC:  3    Str:  9    XL:     7   Next: 10%
Magic:  3/12       EV: 19    Int: 22    God:
Gold:   149        SH:  0    Dex: 18    Spells: 3 memorised, 7 levels left

rFire  . . .     SeeInvis .     o - +3 short sword (venom)
rCold  . . .     Clarity  .     a - +0 robe
rNeg   . . .     SustAt   +     (no shield)
rPois  .         Gourm    .     (no helmet)
rElec  .         Spirit   .     (no cloak)
rCorr  .         Warding  .     (no gloves)
rMut   .         Stasis   .     f - +0 pair of boots
MR     .....                    e - amulet of regeneration
Stlth  +++.......               (no ring)
                                q - ring of sustain attributes

@: brilliant, agile, lethally poisoned (-20 -> -20), not resistant to hostile
enchantments, fairly stealthy
A: no striking features
a: no special abilities


You were on level 4 of the Dungeon.
You were not hungry.

You visited 1 branch of the dungeon, and saw 5 of its levels.

You collected 149 gold pieces.

Inventory:

Hand weapons
 d - a +0 dagger
 o - a +3 short sword of venom (weapon)
Armour
 a - a +0 robe (worn)
 f - a +0 pair of boots (worn)
 g - a +1 ring mail of cold resistance
 r - a +0 leather armour
Jewellery
 e - an amulet of regeneration (around neck)
 q - a ring of sustain attributes (left hand)
 t - an uncursed ring of ice
Scrolls
 j - a scroll of recharging
 k - 4 scrolls of remove curse
 n - 3 scrolls of magic mapping
Potions
 s - a potion of resistance
Books
 b - a book of Air

   Spells                             Type                      Level
   a - Shock                          Conjuration/Air              1
   b - Swiftness                      Charms/Air                   2
   c - Repel Missiles                 Charms/Air                   2
   d - Static Discharge               Conjuration/Air              3
   e - Lightning Bolt                 Conjuration/Air              5
Comestibles
 c - 5 bread rations
 h - a slice of pizza
 l - 3 fruits
 m - 3 meat rations
 v - 3 chunks of flesh


   Skills:
 * Level 2.4 Fighting
 + Level 0.8 Armour
 + Level 3.0 Dodging
 - Level 2.0 Stealth
 * Level 3.7 Spellcasting
 * Level 2.8 Conjurations
 * Level 4.4 Air Magic


You had 7 spell levels left.
You knew the following spells:

 Your Spells              Type           Power        Failure   Level  Hunger
a - Shock                 Conj/Air       ####         1%          1    None
b - Static Discharge      Conj/Air       ####....     1%          3    ###....
c - Swiftness             Chrm/Air       ####....     1%          2    #......


Dungeon Overview and Level Annotations

Branches:
Dungeon (5/15)
 Temple: D:4-7

Altars:

Annotations:
D:3 Grinder; SWAGNEMITE's ghost, average HuWn


Message History

Drink which item? (? for menu, Esc to quit)
Okay, then.
Read which item? (? for menu, Esc to quit)
As you read the scroll labeled JEASSOI DU OPT, it crumbles to dust.
You feel aware of your surroundings.
You sensed 2 altars.
It was a scroll of magic mapping.
The hound barely misses you. The adder completely misses you.
The hound completely misses you.
Read which item? (? for menu, Esc to quit)
As you read the scroll labeled FOENUL HOCELOC, it crumbles to dust.
You feel blessed for a moment.
It was a scroll of remove curse.
You feel sick. The ogre misses you. The hound closely misses you.
The adder closely misses you.
Read which item? (? for menu, Esc to quit)
Okay, then.
You hit the ogre.
The ogre is poisoned.
The ogre is moderately wounded.
The hound closely misses you. The adder bites you but does no damage.
The ogre hits you with a giant club!!
Ouch! That really hurt!
You die...

**#########* *,,%......,*
*,,,.....,,*
**********,,,,.l.,,,*
**,,,,,*,,,,,**#h##***
*,,,,,,,,***** #@S# ,,,,,,,,,*
##O# ******** ,,,,,,,,,* #o#
**,,,,,,* ,,,,...,,*
##.######.,,,,,,* ,,,......*
#.........,,,,,,* ,,.......*
###.#.......,,,,,,*
,........#####......#####*******
.........#.....O##...#
...........###.##*##.#


You could see an ogre, an iguana, a hound, an adder and an orc.

Vanquished Creatures
  An ogre (D:4)
  2 orc wizards (D:5)
  Jessica (D:3)
  A hound (D:5)
  4 gnolls (D:5)
  8 adders
  A shadow imp (D:5)
  An ooze (D:1)
  3 worms
  A giant gecko (D:1)
  2 orcs
  A bat skeleton (D:5)
  4 giant cockroaches
  4 goblins
  14 hobgoblins
  11 jackals
  12 kobolds
  A ball python (D:2)
  7 bats
  2 giant newts
  10 rats
91 creatures vanquished.

Notes
Turn   | Place    | Note
--------------------------------------------------------------
     0 | D:1      | HEYYEYAAE the Human Air Elementalist began the quest for the Orb.
     0 | D:1      | Reached XP level 1. HP: 13/13 MP: 3/3
   268 | D:1      | Reached XP level 2. HP: 11/20 MP: 1/5
   663 | D:1      | Reached XP level 3. HP: 13/25 MP: 0/6
  1066 | D:2      | Reached skill level 1 in Fighting
  1181 | D:2      | Learned a level 3 spell: Static Discharge
  1234 | D:2      | Reached XP level 4. HP: 32/32 MP: 3/8
  1723 | D:3      | Learned a level 2 spell: Swiftness
  1781 | D:3      | Noticed SWAGNEMITE's ghost (average HuWn)
  1803 | D:3      | Reached XP level 5. HP: 25/38 MP: 1/9
  1845 | D:3      | Noticed Grinder
  1855 | D:3      | Paralysed by Grinder for 4 turns
  1858 | D:3      | HP: 1/38 [Grinder (5)]
  1946 | D:3      | Noticed Jessica
  1955 | D:3      | Killed Jessica
  2100 | D:4      | Noticed an ogre
  2107 | D:4      | Noticed an ogre
  2113 | D:5      | Entered Level 5 of the Dungeon
  2129 | D:5      | Reached skill level 4 in Air Magic
  2129 | D:5      | Reached XP level 6. HP: 41/44 MP: 3/10
  2537 | D:4      | Killed an ogre
  2537 | D:4      | Reached XP level 7. HP: 19/51 MP: 2/12
  2542 | D:4      | Demolished by an ogre

Vault maps used:
D:1:      lemuel_arrival_muddy, hangedman_decor_growths
D:2:      first_bread, serial_bayou_pond_c, nicolae_underground_beach
D:3:      nicolae_overflow_quartered_altars, minmay_crystal_water,
          nicolae_gozag_zags_fifth_avenue, uniq_grinder, uniq_jessica
D:4:      kennysheep_mini, nicolae_overflow_hidden_temple, temple_green

Action                   |  1- 3 |  4- 6 |  7- 9 || total
-------------------------+-------+-------+-------++-------
Melee: Dagger            |    52 |       |       ||    52
       Short sword       |       |    94 |     2 ||    96
 Cast: Shock             |    65 |    65 |       ||   130
       Static Discharge  |       |    10 |       ||    10
  Use: Scroll            |       |     7 |     3 ||    10
       Potion            |       |     4 |       ||     4
 Stab: Sleeping          |       |     6 |       ||     6
  Eat: Beef jerky        |     1 |       |       ||     1
       Chunk             |       |     6 |       ||     6
       Fruit             |       |     1 |       ||     1
